 Dungeon Sprint DCSS version 0.19-a0-1682-g5114f93 (webtiles) character file.

84 Saways the Skirmisher (level 4, -5/39 HPs)
             Began as a Mummy Fighter on Sept 24, 2016.
             Was a Believer of Makhleb.
             Slain by a hell hound (7 damage)
             ... in the Dungeon (Sprint V: "Ziggurat Sprint").
             The game lasted 00:00:48 (82 turns).

Saways the Skirmisher (Mummy Fighter)                 Turns: 82, Time: 00:00:50

Health: -5/39      AC: 27    Str: 25    XL:     4   Next: 23%
Magic:  4/4        EV:  0    Int:  7    God:    Makhleb [**....]
Gold:   0          SH: 29    Dex: 18    Spells: 0 memorised, 3 levels left

rFire  x . .     SeeInvis +     u - +14 obsidian axe {chop, +Fly SInv *Curse} (curse)
rCold  + . .     Gourm    .     v - +15 Maxwell's patent armour {-Cast -Tele rElec MR+ rCorr}
rNeg   + + +     Faith    .     w - +18 shield of the Gong {rElec rN+ MR+ EV-5}
rPois  ∞         Spirit   .     (no helmet)
rElec  +         Dismiss  .     (no cloak)
rCorr  +         Reflect  .     (no gloves)
MR     ++...     Harm     .     (no boots)
Stlth  .......... NoTele   +    (no amulet) NoCast +
                                l - +6 ring of dexterity
                                o - +6 ring of strength

@: mesmerised
A: no food or potions, fire vulnerability, cold resistance 1, negative energy
resistance 3, torment resistance, unbreathing
a: Minor Destruction, Renounce Religion, Evoke Flight


You were in the Dungeon.
You worshipped Makhleb.
Makhleb was pleased with you.
You were not hungry.

You visited 1 branch

Inventory:

Hand Weapons
 a - a +0 war axe
 u - the cursed +14 obsidian axe (weapon) {chop, +Fly SInv *Curse}
   (You found it in the Dungeon)

   It inflicts extra damage upon your enemies.
   It lets you see invisible.
   It lets you fly.
   It may re-curse itself when equipped.
   It has a curse placed upon it.
Armour
 b - a +0 scale mail
 c - a +0 shield
 v - the +15 Maxwell's patent armour (worn) {-Cast -Tele rElec MR+ rCorr}
   (You found it in the Dungeon)

   It insulates you from electricity.
   It affects your resistance to hostile enchantments.
   It prevents spellcasting.
   It prevents most forms of teleportation.
   It protects you from acid and corrosion.
 w - the +18 shield of the Gong (worn) {rElec rN+ MR+ EV-5}
   (You found it in the Dungeon)

   It affects your evasion (-5).
   It insulates you from electricity.
   It protects you from negative energy.
   It affects your resistance to hostile enchantments.
Jewellery
 k - a +6 ring of dexterity
 l - a +6 ring of dexterity (right hand)
 m - a +6 ring of intelligence
 n - a +6 ring of intelligence
 o - a +6 ring of strength (left hand)
 p - a +6 ring of strength
Wands
 q - a wand of disintegration (7/24)
 r - a wand of iceblast (5/15)
 s - a wand of lightning (5/15)
 t - a wand of acid (5/15)
Scrolls
 d - 4 scrolls of blinking
 e - 4 scrolls of amnesia
 f - 3 scrolls of recharging
 g - 7 scrolls of fog
 h - 5 scrolls of identify
 i - 5 scrolls of remove curse
 j - 2 scrolls of fear


   Skills:
 + Level 5.3 Fighting
 * Level 3.3 Axes
 + Level 4.2 Armour
 + Level 4.3 Shields


You had 3 spell levels left.
You didn't know any spells.

Dungeon Overview and Level Annotations

Branches:
Dungeon (1/1)

Altars:
Ashenzari
Cheibriados
Dithmenos
Elyvilon
Fedhas
Gozag
Hepliaklqana
Kikubaaqudgha
Makhleb
Nemelex Xobeh
Okawaru
Qazlal
Ru
Sif Muna
Trog
Uskayaw
Vehumet
Xom
Yredelemnul
Zin
The Shining One
Beogh
Jiyva
Lugonu


Innate Abilities, Weirdness & Mutations

You do not eat or drink.
Your flesh is vulnerable to fire.
You are immune to poison.
Your flesh is cold resistant. (rC+)
You are immune to negative energy. (rN+++)
You are immune to unholy pain and torment.
You can survive without breathing.


Message History

Evoke which item? (* to show all) (? for menu, Esc to quit)
Okay, then.
You slash the fire elemental! You open a gate to Pandemonium!
A demon appears!
The fire elemental is heavily damaged.
Your shield and Maxwell's patent armour prevent you from hitting the hell hound.
You slash the fire elemental!
Visions of slaying the fire elemental flood into your mind.
The hell hound pauses to sniff the ground.
The hell hound bites you but does no damage.
You block the fire elemental's attack.
PANG!
You block the fire elemental's attack.
BONNNG!
The hell hound breathes flames at you. The blast of flame hits you!
You block the fire elemental's attack.
GONNNNG!
The fire elemental hits you. The fire elemental burns you!
* * * LOW HITPOINT WARNING * * *
The hell hound bites you!
You die...

▓▓▓▓▓▓▓▓▓▓▓▓▓▓▓▓▓▓▓
▓.8©8.▓.8©8.▓.8©8.▓
▓.)§:.▓.))=.▓.....▓
▓.§§§.▓..3..▓.).}.▓
▓..E§.▓.....▓.....▓
▓.hEE.▓.)...▓.....▓
▓4.@..▓.....▓.....▓
▓.....▓.....▓▓▓▓▓▓▓
▓▓▓▓▓▓▓▓▓▓▓▓▓


You could see 3 fire elementals, a hell hound and a friendly chaos spawn.

Vanquished Creatures
  A wight (D)
  A crimson imp (D)
  An adder zombie (D)
  An adder skeleton (D)
  A bat zombie (D)
5 creatures vanquished.

Notes
Turn   | Place    | Note
-------+----------+-------------------------------------------
     0 | D        | Saways the Mummy Fighter began the quest for the Orb.
     0 | D        | Reached XP level 1. HP: 18/18 MP: 1/1
     0 | D        | Found a deep blue altar of Sif Muna.
     0 | D        | Found a bloodstained altar of Trog.
     0 | D        | Found a sacrificial altar of Ru.
     0 | D        | Found a stormy altar of Qazlal.
     0 | D        | Found an iron altar of Okawaru.
     1 | D        | Found a sparkling altar of Nemelex Xobeh.
     1 | D        | Found a blossoming altar of Fedhas.
     2 | D        | Found an ancient bone altar of Kikubaaqudgha.
     2 | D        | Found a viscous altar of Jiyva.
     2 | D        | Found a corrupted altar of Lugonu.
     2 | D        | Found a hazy altar of Hepliaklqana.
     2 | D        | Found a burning altar of Makhleb.
     2 | D        | Found an opulent altar of Gozag.
    43 | D        | Became a worshipper of Makhleb the Destroyer
    56 | D        | Entered arena 1.
    56 | D        | Noticed a crimson imp
    61 | D        | Killed a crimson imp
    61 | D        | Reached skill level 4 in Fighting
    61 | D        | Reached XP level 2. HP: 26/26 MP: 2/2
    61 | D        | Reached XP level 3. HP: 31/31 MP: 3/3
    67 | D        | Entered arena 2.
    69 | D        | Reached * piety under Makhleb
    74 | D        | Reached ** piety under Makhleb
    74 | D        | Reached skill level 5 in Fighting
    74 | D        | Reached XP level 4. HP: 37/39 MP: 4/4
    79 | D        | Entered arena 3.
    79 | D        | Noticed a fire elemental
    79 | D        | Noticed a fire elemental
    79 | D        | Noticed a fire elemental
    79 | D        | Noticed a hell hound
    82 | D        | Slain by a hell hound

Vault maps used:
D:        sprint_v

Skill      XL: |  1  2  3 |
---------------+----------+-----
Fighting       | 4 5 |  5.3
Axes           | 2 3 |  3.3
Armour         | 3 4 |  4.2
Shields        | 3 4 |  4.3

Action                   |  1- 3 |  4- 6 || total
-------------------------+-------+-------++-------
Melee: Broad axe         |    10 |     2 ||    12
Armor: Plate armour      |     2 |     8 ||    10
Block: Shield            |    14 |     5 ||    19
